cohdb
Replays
Latest Replays
All Replays
Popular Replays
Top Player Replays
Match Explorer
How It Works
Community
CoH3 Stats
Reddit
Sign in to upload your games and track your stats! →
Sign in with Steam
Match 45110470
Unlisted
Match 45110470
Overview
Messages
Build Orders
End
Construct Section Command Post
Infantry Section
Infantry Section
Royal Engineer Section
Selects Canadian Shock Battlegroup
Selects Offensive Resupply
Selects Canadian Shock Section
Canadian Shock Section
Construct Field Infirmary
Grenade Package
Selects Incendiary Munitions
Construct Platoon Command Post
Selects Pyrotechnics
Infantry Training
Canadian Shock Section
Canadian Shock Section
Canadian Shock Section
Selects Churchill Crocodile Heavy Tank
Churchill Crocodile Heavy Tank
Canadian Shock Section
Construct Company Command Post
Unlock M3 Grant Medium Tanks
M3 Grant Medium Tank
Selects Point Assault
Armored Vehicle Training
Androphyte
jdrigo
J18Smith
Herr Blautier
TBoR
EPHX_Valkyrion
0
0
Comments
sign in to comment!
No comments posted yet!